| TOP OF THE 1ST |
|
Williamsport Crosscutters batting - Pitching for Rome Braves : RHP Gabe Fillmore
|
|
Pitching: RHP Gabe Fillmore
|
|
|
Batting: LHB Jonathan Roman
|
0-0: Foul Ball, location: 2F 0-1: Ball 1-1: Swinging Strike 1-2: Strikes out swinging
|
|
Batting: RHB Trent Hedrick
|
0-0: Swinging Strike 0-1: Foul Ball, location: 2F 0-2: Ball 1-2: Ground out 5-3 (Groundball, 56, EV 98.8 MPH)
|
|
Batting: RHB Tony Perez
|
0-0: Ball 1-0: Ball 2-0: Swinging Strike 2-1: Foul Ball, location: 2F 2-2: Ball 3-2: SINGLE (Groundball, 23, EV 61.9 MPH) (infield hit)
|
|
Batting: RHB Josh Baker
|
0-0: Ball 1-0: Ball Tony Perez is caught stealing 2nd base 2-4
|
| Top of the 1st over - 0 runs, 1 hit, 0 errors, 0 left on base; Williamsport 0 - Rome 0 |
| BOTTOM OF THE 1ST |
|
Rome Braves batting - Pitching for Williamsport Crosscutters : RHP Guillermo de Leon
|
|
Pitching: RHP Guillermo de Leon
|
|
|
Batting: RHB George Provance
|
0-0: Ground out 6-3 (Groundball, 6, EV 80.6 MPH)
|
|
Batting: RHB Tim Molchan
|
0-0: Ball 1-0: Ball 2-0: Ball 3-0: Called Strike 3-1: Foul Ball, location: 2F 3-2: Foul Ball, location: 2F 3-2: SINGLE (Flyball, 7LS, EV 99.4 MPH)
|
|
Batting: RHB Yojiro Hayashi
|
0-0: Called Strike 0-1: Fielders Choice at 2nd, 6-4 (Groundball, 6M, EV 104.4 MPH)
|
|
Batting: SHB Jordan Barragan
|
0-0: Called Strike 0-1: Ball 1-1: Ball 2-1: Foul Ball, location: 2F 2-2: Ball Yojiro Hayashi is caught stealing 2nd base 2-6
|
| Bottom of the 1st over - 0 runs, 1 hit, 0 errors, 0 left on base; Williamsport 0 - Rome 0 |
| TOP OF THE 2ND |
|
Williamsport Crosscutters batting - Pitching for Rome Braves : RHP Gabe Fillmore
|
|
Batting: RHB Josh Baker
|
0-0: Ball 1-0: Foul Ball, location: 2F 1-1: Ball 2-1: Foul Ball, location: 2F 2-2: Strikes out looking
|
|
Batting: RHB Bryan Alfaro
|
0-0: Swinging Strike 0-1: Ball 1-1: Called Strike 1-2: Foul Ball, location: 2F 1-2: Strikes out swinging
|
|
Batting: RHB Dave Gallegos
|
0-0: Called Strike 0-1: Ball 1-1: Swinging Strike 1-2: Ball 2-2: Strikes out looking
|
| Top of the 2nd over - 0 runs, 0 hits, 0 errors, 0 left on base; Williamsport 0 - Rome 0 |
| BOTTOM OF THE 2ND |
|
Rome Braves batting - Pitching for Williamsport Crosscutters : RHP Guillermo de Leon
|
|
Batting: SHB Jordan Barragan
|
0-0: Ball 1-0: SINGLE (Groundball, 4D, EV 109.4 MPH)
|
|
Batting: LHB Ryan Murdock
|
0-0: Ball Jordan Barragan is caught stealing 2nd base 2-6 1-0: Foul Ball, location: 2F 1-1: Foul Ball, location: 2F 1-2: Ball 2-2: Foul Ball, location: 2F 2-2: SINGLE (Line Drive, 34D, EV 101.2 MPH)
|
|
Batting: RHB Terry Hughes
|
0-0: Ball 1-0: Called Strike 1-1: Swinging Strike 1-2: Ball 2-2: Grounds into double play, 5-4-3 (Groundball, 15, EV 83.1 MPH)
|
| Bottom of the 2nd over - 0 runs, 2 hits, 0 errors, 0 left on base; Williamsport 0 - Rome 0 |
| TOP OF THE 3RD |
|
Williamsport Crosscutters batting - Pitching for Rome Braves : RHP Gabe Fillmore
|
|
Batting: RHB Juan Valadez
|
0-0: Swinging Strike 0-1: Swinging Strike 0-2: Strikes out looking
|
|
Batting: RHB Marcus Carter
|
0-0: Foul Ball, location: 2F 0-1: Ball 1-1: Ground out U3 (Groundball, 3L, EV 105.0 MPH)
|
|
Batting: SHB Steve DeRienzo
|
0-0: Called Strike 0-1: Reached on error, E2 (Groundball, 13S, EV 72.5 MPH)
|
|
Batting: LHB Jonathan Roman
|
0-0: Ball 1-0: Ball 2-0: Called Strike 2-1: Called Strike 2-2: Fly out, F3 (Line Drive, 3L, EV 65.6 MPH)
|
| Top of the 3rd over - 0 runs, 0 hits, 1 error, 1 left on base; Williamsport 0 - Rome 0 |
| BOTTOM OF THE 3RD |
|
Rome Braves batting - Pitching for Williamsport Crosscutters : RHP Guillermo de Leon
|
|
Batting: RHB Gerard Michel
|
0-0: Called Strike 0-1: Ball 1-1: Foul Ball, location: 2F 1-2: Strikes out swinging
|
|
Batting: RHB Adrian Billups
|
0-0: Ball 1-0: Called Strike 1-1: Ground out 6-3 (Groundball, 6, EV 91.2 MPH)
|
|
Batting: LHB Malik Boulay
|
0-0: Ball 1-0: Ball 2-0: Foul Ball, location: 2F 2-1: Swinging Strike 2-2: Foul Ball, location: 2F 2-2: Reached on error, E3 (Groundball, 34, EV 87.5 MPH)
|
|
Batting: RHB George Provance
|
0-0: Ball 1-0: Fielders Choice at 2nd, 6-4 (Groundball, 6, EV 101.2 MPH)
|
| Bottom of the 3rd over - 0 runs, 0 hits, 1 error, 1 left on base; Williamsport 0 - Rome 0 |
| TOP OF THE 4TH |
|
Williamsport Crosscutters batting - Pitching for Rome Braves : RHP Gabe Fillmore
|
|
Batting: RHB Trent Hedrick
|
0-0: Ground out 6-3 (Groundball, 6S, EV 81.2 MPH)
|
|
Batting: RHB Tony Perez
|
0-0: Ball 1-0: Foul Ball, location: 2F 1-1: Ball 2-1: Fly out, F3 (Popup, 3SF, EV 70.0 MPH)
|
|
Batting: RHB Josh Baker
|
0-0: SOLO HOME RUN (Flyball, 7D, EV 96.9 MPH), Distance : 383 ft
|
|
Batting: RHB Bryan Alfaro
|
0-0: Foul Ball, location: 2F 0-1: Foul Ball, location: 2F 0-2: Foul Ball, location: 2F 0-2: DOUBLE (Line Drive, 89D, EV 107.5 MPH)
|
|
Batting: RHB Dave Gallegos
|
0-0: Called Strike 0-1: Ball 1-1: Fly out, F7 (Flyball, 7D, EV 100.6 MPH)
|
| Top of the 4th over - 1 run, 2 hits, 0 errors, 1 left on base; Williamsport 1 - Rome 0 |
| BOTTOM OF THE 4TH |
|
Rome Braves batting - Pitching for Williamsport Crosscutters : RHP Guillermo de Leon
|
|
Batting: RHB Tim Molchan
|
0-0: Ground out 1-3 (Groundball, 15S, EV 73.1 MPH)
|
|
Batting: RHB Yojiro Hayashi
|
0-0: Ball 1-0: Ball 2-0: Called Strike 2-1: Called Strike 2-2: Ball 3-2: Fly out, F8 (Flyball, 8RD, EV 95.0 MPH)
|
|
Batting: SHB Jordan Barragan
|
0-0: Called Strike 0-1: Foul Ball, location: 2F 0-2: Ball 1-2: Strikes out looking
|
| Bottom of the 4th over - 0 runs, 0 hits, 0 errors, 0 left on base; Williamsport 1 - Rome 0 |
| TOP OF THE 5TH |
|
Williamsport Crosscutters batting - Pitching for Rome Braves : RHP Gabe Fillmore
|
|
Batting: RHB Juan Valadez
|
0-0: Ground out U3 (Groundball, 3L, EV 84.4 MPH)
|
|
Batting: RHB Marcus Carter
|
0-0: Ball 1-0: Ball 2-0: Ball 3-0: Base on Balls
|
|
Batting: SHB Steve DeRienzo
|
0-0: Called Strike 0-1: Foul Ball, location: 2F 0-2: Strikes out swinging
|
|
Batting: LHB Jonathan Roman
|
0-0: Ball 1-0: Called Strike 1-1: Called Strike 1-2: Strikes out swinging
|
| Top of the 5th over - 0 runs, 0 hits, 0 errors, 1 left on base; Williamsport 1 - Rome 0 |
| BOTTOM OF THE 5TH |
|
Rome Braves batting - Pitching for Williamsport Crosscutters : RHP Guillermo de Leon
|
|
Batting: LHB Ryan Murdock
|
0-0: Ground out 6-3 (Groundball, 56D, EV 80.6 MPH)
|
|
Batting: RHB Terry Hughes
|
0-0: Foul Ball, location: 2F 0-1: Foul Ball, location: 2F 0-2: Ball 1-2: Strikes out swinging
|
|
Batting: RHB Gerard Michel
|
0-0: Ball 1-0: Fly out, F7 (Flyball, 78S, EV 98.1 MPH)
|
| Bottom of the 5th over - 0 runs, 0 hits, 0 errors, 0 left on base; Williamsport 1 - Rome 0 |
| TOP OF THE 6TH |
|
Williamsport Crosscutters batting - Pitching for Rome Braves : RHP Gabe Fillmore
|
|
Batting: RHB Trent Hedrick
|
0-0: Ball 1-0: SINGLE (Groundball, 6MD, EV 96.2 MPH)
|
|
Batting: RHB Tony Perez
|
0-0: Ball 1-0: Ball 2-0: Called Strike 2-1: Foul Ball, location: 2F 2-2: Grounds into double play, 6-4-3 (Groundball, 6, EV 82.5 MPH)
|
|
Batting: RHB Josh Baker
|
0-0: Swinging Strike 0-1: Called Strike 0-2: Ball 1-2: Ball 2-2: Ball 3-2: Fly out, F7 (Flyball, 7D, EV 91.2 MPH)
|
| Top of the 6th over - 0 runs, 1 hit, 0 errors, 0 left on base; Williamsport 1 - Rome 0 |
| BOTTOM OF THE 6TH |
|
Rome Braves batting - Pitching for Williamsport Crosscutters : RHP Guillermo de Leon
|
|
Batting: RHB Adrian Billups
|
0-0: Swinging Strike 0-1: Swinging Strike 0-2: Strikes out looking
|
|
Batting: LHB Malik Boulay
|
0-0: Swinging Strike 0-1: Ball 1-1: Called Strike 1-2: Strikes out looking
|
|
Batting: RHB George Provance
|
0-0: Ball 1-0: Foul Ball, location: 2F 1-1: Swinging Strike 1-2: Strikes out swinging
|
| Bottom of the 6th over - 0 runs, 0 hits, 0 errors, 0 left on base; Williamsport 1 - Rome 0 |
| TOP OF THE 7TH |
|
Williamsport Crosscutters batting - Pitching for Rome Braves : RHP Gabe Fillmore
|
|
Batting: RHB Bryan Alfaro
|
0-0: Foul Ball, location: 2F 0-1: Swinging Strike 0-2: Ball 1-2: Ball 2-2: Ground out 2-3 (Groundball, 13S, EV 64.4 MPH)
|
|
Batting: RHB Dave Gallegos
|
0-0: Called Strike 0-1: SINGLE (Flyball, 4MD, EV 91.2 MPH)
|
|
Batting: RHB Juan Valadez
|
0-0: Foul Ball, location: 2F 0-1: Foul Ball, location: 2F 0-2: DOUBLE (Line Drive, 7LM, EV 95.0 MPH) Dave Gallegos to third Runner from 3rd tries for Home, SAFE, throw by LF to home
|
|
Batting: RHB Marcus Carter
|
0-0: Intentional Walk
|
|
Batting: SHB Steve DeRienzo
|
0-0: TRIPLE (Flyball, 78XD, EV 96.2 MPH) Juan Valadez scores Marcus Carter scores
|
|
Batting: LHB Jonathan Roman
|
0-0: Ball 1-0: Foul Ball, location: 2F 1-1: Called Strike 1-2: Strikes out looking
|
|
Pitching: RHP Dan Spahn
|
|
|
Batting: RHB Trent Hedrick
|
0-0: Foul Ball, location: 2F 0-1: Foul Ball, location: 2F 0-2: Strikes out swinging
|
| Top of the 7th over - 3 runs, 3 hits, 0 errors, 1 left on base; Williamsport 4 - Rome 0 |
| BOTTOM OF THE 7TH |
|
Rome Braves batting - Pitching for Williamsport Crosscutters : RHP Guillermo de Leon
|
|
Batting: RHB Tim Molchan
|
0-0: Foul Ball, location: 2F 0-1: Fly out, F9 (Flyball, 89S, EV 83.1 MPH)
|
|
Batting: RHB Yojiro Hayashi
|
0-0: Ball 1-0: Ball 2-0: Ball 3-0: Called Strike 3-1: Called Strike 3-2: Base on Balls
|
|
Batting: SHB Jordan Barragan
|
0-0: Called Strike 0-1: Swinging Strike 0-2: Hit by Pitch Yojiro Hayashi to second
|
|
Batting: LHB Ryan Murdock
|
0-0: Called Strike 0-1: Foul Ball, location: 2F 0-2: Foul Ball, location: 2F 0-2: Foul Ball, location: 2F 0-2: Fielders Choice at 2nd, 6-4 (Groundball, 56, EV 79.4 MPH) Yojiro Hayashi to third
|
|
Batting: RHB Terry Hughes
|
0-0: Ball Wild Pitch! Yojiro Hayashi scores Ryan Murdock to second 1-0: Ball 2-0: Ball 3-0: Called Strike 3-1: Fly out, F9 (Flyball, 89M, EV 89.4 MPH)
|
| Bottom of the 7th over - 1 run, 0 hits, 0 errors, 1 left on base; Williamsport 4 - Rome 1 |
| TOP OF THE 8TH |
|
Williamsport Crosscutters batting - Pitching for Rome Braves : RHP Dan Spahn
|
|
Batting: RHB Tony Perez
|
0-0: Called Strike 0-1: Ball 1-1: Swinging Strike 1-2: Ball 2-2: Ball 3-2: Ground out 6-3 (Groundball, 6, EV 103.1 MPH)
|
|
Batting: RHB Josh Baker
|
0-0: Ball 1-0: Swinging Strike 1-1: Foul Ball, location: 2F 1-2: Ball 2-2: Ball 3-2: Strikes out looking
|
|
Batting: RHB Bryan Alfaro
|
0-0: Ball 1-0: Ball 2-0: Ball 3-0: Base on Balls
|
|
Batting: RHB Dave Gallegos
|
0-0: Ball Bryan Alfaro steals 2nd base 1-0: Ball 2-0: Ball 3-0: Base on Balls
|
|
Batting: RHB Juan Valadez
|
0-0: Ball 1-0: SINGLE (Groundball, 34D, EV 95.6 MPH) Bryan Alfaro to third Dave Gallegos to second Runner from 3rd tries for Home, SAFE, throw by RF to home
|
|
Batting: RHB Marcus Carter
|
0-0: Ball 1-0: DOUBLE (Groundball, 5L, EV 101.2 MPH) Dave Gallegos scores Juan Valadez to third Runner from 3rd tries for Home, SAFE, throw by LF to trailing runner, SAFE at third!
|
|
Pitching: RHP Jeremy Hurley
|
|
|
Batting: SHB Steve DeRienzo
|
0-0: Ball 1-0: Ball 2-0: Foul Ball, location: 2F 2-1: Foul Ball, location: 2F 2-2: Ground out 5-3 (Groundball, 56S, EV 95.0 MPH)
|
| Top of the 8th over - 3 runs, 2 hits, 0 errors, 1 left on base; Williamsport 7 - Rome 1 |
| BOTTOM OF THE 8TH |
|
Rome Braves batting - Pitching for Williamsport Crosscutters : RHP Guillermo de Leon
|
|
Batting: RHB Gerard Michel
|
0-0: Ball 1-0: Foul Ball, location: 2F 1-1: Ground out 4-3 (Groundball, 4, EV 96.9 MPH)
|
|
Pitching: RHP Matt Gray
|
|
|
Pinch Hitting: SHB Jose Melendez
|
0-0: Ball 1-0: SOLO HOME RUN (Flyball, 7D, EV 98.1 MPH), Distance : 362 ft
|
|
Batting: LHB Malik Boulay
|
0-0: Ground out 3-1 (Groundball, 3D, EV 109.4 MPH)
|
|
Batting: RHB George Provance
|
0-0: Ball 1-0: Ball 2-0: Called Strike 2-1: Foul Ball, location: 2F 2-2: Foul Ball, location: 2F 2-2: Ball 3-2: Reached on error, E6 (Groundball, 6S, EV 76.9 MPH)
|
|
Batting: RHB Tim Molchan
|
0-0: Called Strike 0-1: Fielders Choice at 2nd, U4 (Groundball, 4M, EV 100.6 MPH)
|
| Bottom of the 8th over - 1 run, 1 hit, 1 error, 1 left on base; Williamsport 7 - Rome 2 |
| TOP OF THE 9TH |
|
Williamsport Crosscutters batting - Pitching for Rome Braves : RHP Jeremy Hurley
|
|
Now at SS: Joe Phillips
|
|
|
Batting: LHB Jonathan Roman
|
0-0: Ball 1-0: Ball 2-0: Called Strike 2-1: Foul Ball, location: 2F 2-2: Foul Ball, location: 2F 2-2: Ground out 6-3 (Groundball, 4M, EV 79.4 MPH)
|
|
Batting: RHB Trent Hedrick
|
0-0: Called Strike 0-1: Ball 1-1: Ball 2-1: Foul Ball, location: 2F 2-2: Foul Ball, location: 2F 2-2: Foul Ball, location: 2F 2-2: Strikes out looking
|
|
Batting: RHB Tony Perez
|
0-0: Foul Ball, location: 2F 0-1: Ball 1-1: TRIPLE (Line Drive, 78XD, EV 98.1 MPH)
|
|
Batting: RHB Josh Baker
|
0-0: Foul Ball, location: 2F 0-1: Ball 1-1: Foul Ball, location: 2F 1-2: Fly out, F6 (Line Drive, 4M, EV 68.8 MPH)
|
| Top of the 9th over - 0 runs, 1 hit, 0 errors, 1 left on base; Williamsport 7 - Rome 2 |
| BOTTOM OF THE 9TH |
|
Rome Braves batting - Pitching for Williamsport Crosscutters : RHP Matt Gray
|
|
Batting: RHB Yojiro Hayashi
|
0-0: Ball 1-0: Called Strike 1-1: Ground out 6-3 (Groundball, 4M, EV 79.4 MPH)
|
|
Batting: SHB Jordan Barragan
|
0-0: Ball 1-0: Swinging Strike 1-1: Ball 2-1: Swinging Strike 2-2: Ball 3-2: Strikes out swinging
|
|
Batting: LHB Ryan Murdock
|
0-0: Called Strike 0-1: Foul Ball, location: 2F 0-2: Foul Ball, location: 2F 0-2: Ball 1-2: Foul Ball, location: 2F 1-2: Foul Ball, location: 2F 1-2: Strikes out swinging, 2-3 out at first.
|
| Bottom of the 9th over - 0 runs, 0 hits, 0 errors, 0 left on base; Williamsport 7 - Rome 2 |
|